 Dungeon Crawl Stone Soup version 0.27.0-1-g7a089689b8 (webtiles) character file.

Game seed: 14633601855524293185

18 nicksoapdish the Sneak (level 2, 0/19 HPs)
             Began as an Octopode Brigand on Aug 8, 2021.
             Slain by a rat (1 damage)
             ... on level 2 of the Dungeon.
             The game lasted 00:01:49 (743 turns).

nicksoapdish the Sneak (Octopode Brigand)            Turns: 743, Time: 00:01:51

Health: 0/19       AC:  1    Str: 10    XL:     2   Next: 66%
Magic:  2/2        EV: 12    Int: 13    God:
Gold:   57         SH:  0    Dex: 13    Spells: 1/1 levels left

rFire    . . .     SeeInvis .   a - +2 dagger
rCold    . . .     Faith    .   (no shield)
rNeg     . . .     Spirit   .   (helmet restricted)
rPois    .         Reflect  .   (no amulet)
rElec    .         Harm     .   (no ring)
rCorr    .         Rampage  .   (no ring)
Will     .....                  (no ring)
Stlth    ++++......             (no ring)
HPRegen  0.06/turn              (no ring)
MPRegen  0.08/turn              (no ring)
                                (no ring)
                                (no ring)

@: brilliant, lethally poisoned (0 -> -2)
A: almost no armour, amphibious, 8 rings, camouflage 1, gelatinous body 1,
(nimble swimmer 1), tentacles
a: no special abilities


You were on level 2 of the Dungeon.
You visited 1 branch of the dungeon, and saw 2 of its levels.

You collected 57 gold pieces.

Inventory:

Hand Weapons
 a - a +2 dagger (weapon)
Missiles
 b - 8 poisoned darts (quivered)
 c - 2 curare-tipped darts
Scrolls
 d - a scroll of enchant armour {unknown}
 e - a scroll of immolation {unknown}
 f - 2 scrolls of identify {unknown}


   Skills:
 - Level 2.0 Fighting
 * Level 2.1 Short Blades
 - Level 2.0 Throwing
 - Level 1.0 Dodging
 * Level 6.3 Stealth


You had one spell level left.
You didn't know any spells.
Your spell library was empty.

Dungeon Overview and Level Annotations

Branches:
Dungeon (2/15)

Altars:


Innate Abilities, Weirdness & Mutations

You cannot wear most types of armour.
You are amphibious.
You can wear up to eight rings at the same time.
Your skin changes colour to match your surroundings (Stealth+).
Your rubbery body absorbs attacks. (AC +1, EV +1)
((You are camouflaged near water. (Stealth+)))
You have tentacles for arms and can constrict up to eight enemies at once.


Message History

Your grab misses the kobold. The kobold hits you with a +0 dagger.
You miss the kobold. Your grab misses the kobold.
The kobold closely misses you.
The kobold throws a stone.
The stone hits you but does no damage.
You miss the kobold. Your grab misses the kobold.
The kobold closely misses you.
The kobold throws a stone.
The stone barely misses you. The adder bites you.
The kobold throws a stone.
The stone hits you but does no damage.
You closely miss the adder. You grab the adder. Your squeeze misses the adder.
You constrict the adder, but do no damage.
The adder misses you.
The rat twitches its whiskers.
You miss the bat. You grab the bat. You squeeze the bat.
You kill the bat!
You constrict the adder. The adder bites you.
Your Stealth skill increases to level 6!
You hit the adder. You squeeze the adder.
The adder is severely wounded.
You constrict the adder. The adder closely misses you. The adder bites you.
* * * LOW HITPOINT WARNING * * *
You are lethally poisoned!
The adder poisons you! The rat completely misses you.
It was a potion of brilliance.
You feel clever all of a sudden.
You constrict the adder.
You kill the adder!
* * * LOW HITPOINT WARNING * * *
You feel sick.
The kobold throws a stone.
The stone barely misses you. The rat misses you.
You barely miss the rat. You grab the rat. You constrict the rat.
* * * LOW HITPOINT WARNING * * *
You feel sick.
You hit the rat. Your grab misses the rat. Your squeeze misses the rat.
The rat is severely wounded.
You constrict the rat.
You kill the rat!
* * * LOW HITPOINT WARNING * * *
You feel sick. The rat bites you.
You die...

##..r..b.# ##...#..### ###
........# ##......## ..#.
#.......####..####.####
#...##............## #.....
..........(..##..##...##....
............##............##
......S........####........
...?...##)#r#........######.
#....K†@..........# .
#....K##...........
.....##..#........... ......
#.............. .....
#.#............ .....
#.#..##........ .... #.#...
....... .... #.....#......


You could see 2 kobolds and a rat.

Vanquished Creatures
  An adder (D:2)
  2 bats
  A giant cockroach (D:1)
  2 goblins (D:1)
  3 ball pythons
  2 rats
11 creatures vanquished.

Notes
Turn   | Place    | Note
-------+----------+-------------------------------------------
     0 | D:1      | nicksoapdish the Octopode Brigand began the quest for the
                  | Orb.
     0 | D:1      | Reached XP level 1. HP: 14/14 MP: 1/1
   233 | D:1      | Found a faded altar of an unknown god.
   621 | D:1      | Reached XP level 2. HP: 19/19 MP: 2/2
   740 | D:2      | Reached skill level 6 in Stealth
   743 | D:2      | Slain by a rat

Illustrated notes

Levels and vault maps discovered:
D:1:      lordsloth_arrival_two_stooges, layout_basic,
          shapermc_ecumenical_altar_mp_ritualfount
D:2:      layout_rooms, uniq_jessica

Skill      XL: |  1  2 |
---------------+-------+-----
Stealth        | 6 |  6.3
Fighting       | |  2.0
Short Blades   | |  2.1
Throwing       | |  2.0
Dodging        | |  1.0

Action                   || total
-------------------------++-------
Melee: Dagger            ||    19
       Tentacles         ||     3
       Constrict         ||     3
  Use: Potion            ||     1
 Stab: Sleeping          ||     4
Armor: Skin              ||     2
Dodge: Dodged            ||    14
